 Dungeon Crawl Stone Soup version 0.26.0-10-g1f06aea511 (webtiles) character file.

Game seed: 3091135074791637417

184 dohliylev the Chopper (level 5, -3/48 HPs)
             Began as a Minotaur Berserker on Jan 28, 2021.
             Was a Follower of Trog.
             Slain by a sky beast (5 damage)
             ... on level 5 of the Dungeon.
             The game lasted 00:01:40 (1256 turns).

dohliylev the Chopper (Minotaur Berserker)          Turns: 1256, Time: 00:01:41

Health: -3/48      AC:  3    Str: 23    XL:     5   Next: 36%
Magic:  4/4        EV: 12    Int:  4    God:    Trog [*.....]
Gold:   38         SH:  0    Dex:  9    Spells: 4/4 levels left

rFire    . . .     SeeInvis .   a - +0 hand axe
rCold    . . .     Faith    .   (no shield)
rNeg     . . .     Spirit   .   b - +0 animal skin
rPois    .         Reflect  .   (helmet restricted)
rElec    .         Harm     .   (no cloak)
rCorr    .         Rampage  .   (no gloves)
Will     .....                  c - +0 pair of boots
Stlth    +.........             (no amulet)
HPRegen  0.16/turn              (no ring)
MPRegen  0.09/turn              (no ring)

@: no status effects
A: retaliatory headbutt, horns 2
a: Renounce Religion, Berserk


You were on level 5 of the Dungeon.
You worshipped Trog.
Trog was aware of your devotion.
You visited 1 branch of the dungeon, and saw 5 of its levels.

You collected 38 gold pieces.

Inventory:

Hand Weapons
 a - a +0 hand axe (weapon)
Armour
 b - a +0 animal skin (worn)
 c - a +0 pair of boots (worn)
Scrolls
 d - 4 scrolls of identify {unknown}
Potions
 e - a potion of curing {unknown}
 f - a potion of degeneration {unknown}


   Skills:
 + Level 5.2 Fighting
 + Level 5.5 Axes
 + Level 3.0 Armour
 + Level 3.0 Dodging


You had 4 spell levels left.
You didn't know any spells.
Your spell library was empty.

Dungeon Overview and Level Annotations

Branches:
Dungeon (5/15)             Temple (0/1) D:4

Altars:


Innate Abilities, Weirdness & Mutations

You reflexively headbutt those who attack you in melee.
You have a pair of horns on your head.


Message History

You miss something. Something hits you but does no damage.
You miss something. Your headbutt misses something. Something hits you.
Something shocks you.
You barely miss something. You headbutt something. Something hits you.
Something shocks you.
Unknown command.
You slash something! Something hits you. Something shocks you.
You miss something. Something hits you. Something shocks you.
* * * LOW HITPOINT WARNING * * *
You hit something but do no damage. Something hits you.
* * * LOW HITPOINT WARNING * * *
Something shocks you.
* * * LOW HITPOINT WARNING * * *
You hit something. Your headbutt misses something.
A sky beast appears from thin air!
Reactivating autopickup.
The sky beast hits you.
* * * LOW HITPOINT WARNING * * *
The sky beast shocks you.
You die...

##### #...#
#.#.# #.#.#
#<#.#
#########.#
#....ZY@..#
#.#########


You could see a sky beast and a water moccasin skeleton.

Vanquished Creatures
  Menkaure (D:4)
  A hound (D:4)
  An ooze (D:1)
  A worm (D:4)
  2 dart slugs (D:1)
  A leopard gecko (D:1)
  3 goblins (D:1)
  4 hobgoblins (D:1)
  2 jackals (D:1)
  3 bats (D:1)
  A frilled lizard (D:2)
  6 kobolds (D:1)
  3 rats (D:1)
29 creatures vanquished.

Notes
Turn   | Place    | Note
-------+----------+-------------------------------------------
     0 | D:1      | dohliylev the Minotaur Berserker began the quest for the
                  | Orb.
     0 | D:1      | Reached XP level 1. HP: 19/19 MP: 0/0
    38 | D:1      | Reached XP level 2. HP: 8/27 MP: 1/1
   653 | D:1      | Reached XP level 3. HP: 33/33 MP: 2/2
   925 | D:1      | You fall into a shaft and drop 1 floor!
  1120 | D:4      | Reached XP level 4. HP: 41/41 MP: 3/3
  1130 | D:4      | Noticed Menkaure
  1134 | D:4      | Killed Menkaure
  1135 | D:4      | Reached skill level 5 in Fighting
  1135 | D:4      | Reached skill level 5 in Axes
  1135 | D:4      | Reached XP level 5. HP: 48/48 MP: 4/4
  1210 | D:4      | Found a staircase to the Ecumenical Temple.
  1238 | D:5      | Entered Level 5 of the Dungeon
  1245 | D:5      | Noticed a sky beast
  1256 | D:5      | HP: 2/48 [sky beast (2)]
  1256 | D:5      | Slain by a sky beast

Illustrated notes

Levels and vault maps discovered:
D:1:      shiori_arrival_oz, layout_loops_cross
D:2:      layout_loops_ring, minmay_octomino_c4, uniq_jessica
D:3:      layout_basic, marbit_many_paths, minmay_overflow_temple_hex,
          lemuel_doored_altar, trog_three_pillars_becter, uniq_sigmund,
          uniq_natasha
D:4:      layout_loops_ring, kennysheep_mini_moat, minmay_temple_entry_slanted,
          uniq_edmund, uniq_menkaure
D:5:      layout_basic, lemuel_round_altar, uniq_grinder

Skill      XL: |  1  2  3  4 |
---------------+-------------+-----
Axes           | 4 5 |  5.5
Fighting       | 4 5 |  5.2
Armour         | 3 |  3.0
Dodging        | 3 |  3.0

Action                   |  1- 3 |  4- 6 || total
-------------------------+-------+-------++-------
Melee: Hand axe          |    57 |    10 ||    67
       Headbutt          |     8 |     3 ||    11
Invok: Berserk           |       |     1 ||     1
Armor: Animal skin       |    13 |     2 ||    15
Dodge: Dodged            |    42 |     1 ||    43
